 Dungeon Crawl Stone Soup version 0.26.1-11-gd32895ea62 (webtiles) character file.

Game seed: 1475385993709330308

13263 nothank2 the Basher (level 12, -1/73 HPs)
             Began as a Gargoyle Fighter on June 23, 2021.
             Was a High Priest of Makhleb.
             Slain by a white ugly thing (33 damage)
             ... on level 11 of the Dungeon.
             The game lasted 00:28:08 (11038 turns).

nothank2 the Basher (Gargoyle Fighter)             Turns: 11038, Time: 00:28:09

Health: -1/73      AC: 26    Str: 24    XL:     12   Next: 4%
Magic:  12/12      EV:  4    Int: 10    God:    Makhleb [*****.]
Gold:   720        SH: 19    Dex:  9    Spells: 11/11 levels left

rFire    . . .     SeeInvis .   F - +0 morningstar
rCold    . . .     Faith    .   m - +1 tower shield
rNeg     + . .     Spirit   .   n - +0 plate armour
rPois    ∞         Reflect  .   a - +1 helmet
rElec    +         Harm     .   f - +0 cloak
rCorr    .         Rampage  .   (no gloves)
Will     .....                  u - +0 pair of boots
Stlth    ..........             (no amulet)
HPRegen  0.22/turn              j - ring of stealth
MPRegen  0.13/turn              (no ring)

@: no status effects
A: negative energy resistance 1, electricity resistance, unbreathing,
petrification resistance, miasma immunity, AC +8
a: Renounce Religion, Minor Destruction, Lesser Servant of Makhleb, Major
Destruction, Greater Servant of Makhleb


You were on level 11 of the Dungeon.
You worshipped Makhleb.
Makhleb was extremely pleased with you.
You visited 1 branch of the dungeon, and saw 11 of its levels.
You also visited: Ossuary.

You collected 720 gold pieces.

Inventory:

Hand Weapons
 F - a +0 morningstar (weapon)
Missiles
 i - 37 poisoned darts (quivered)
Armour
 a - a +1 helmet (worn)
 f - a +0 cloak (worn)
 m - a +1 tower shield (worn)
 n - a +0 plate armour (worn)
 u - a +0 pair of boots (worn)
Jewellery
 j - a ring of stealth (left hand)
Wands
 w - a wand of acid (11)
 H - a wand of digging (5)
Scrolls
 c - a scroll of enchant weapon
 e - 6 scrolls of teleportation
 h - a scroll of blinking
 k - 3 scrolls of identify
 p - 3 scrolls of remove curse
 r - 7 scrolls of enchant armour
 s - a scroll of magic mapping
 y - 3 scrolls of immolation
 C - 2 scrolls of amnesia
 I - 2 scrolls of fog
Potions
 b - a potion of attraction {unknown}
 d - 5 potions of might
 g - 4 potions of heal wounds
 l - 12 potions of curing
 o - 3 potions of haste
 q - a potion of magic
 v - 3 potions of cancellation
 z - a potion of invisibility
 A - 3 potions of flight
 B - 4 potions of lignification
 G - 2 potions of ambrosia


   Skills:
 + Level 7.9 Fighting
 - Level 14.0 Maces & Flails
 + Level 6.8 Armour
 + Level 1.0 Dodging
 + Level 10.2 Shields


You had 11 spell levels left.
You didn't know any spells.
Your spell library contained the following spells:

 Spells                   Type           Power        Failure   Level
 Animate Skeleton         Necr           0%           100%        1
 Pain                     Necr           0%           100%        1
 Confusing Touch          Hex            0%           100%        3
 Gell's Gravitas          Tloc           0%           100%        3
 Vampiric Draining        Necr           0%           100%        3
 Animate Dead             Necr           0%           100%        4
 Petrify                  Tmut/Erth      0%           100%        4
 Agony                    Necr           0%           100%        5
 Metabolic Englaciation   Hex/Ice        0%           100%        5
 Yara's Violent Unravell  Hex/Tmut       0%           100%        5


Dungeon Overview and Level Annotations

Branches:
Dungeon (11/15)            Temple (0/1) D:6            Lair (0/6) D:10
Ossuary (visited)
    Orc: D:9-12

Altars:
Ashenzari
Dithmenos
Elyvilon
Makhleb
Ru
Trog
Uskayaw
Yredelemnul
Zin

Shops:
D:4 }

Annotations:
D:11 1 transporter


Innate Abilities, Weirdness & Mutations

You are resistant to torment.
Your stone body is resilient. (AC +8)
You are immune to poison.
You resist negative energy. (rN+)
You are resistant to electric shocks. (rElec)
You can survive without breathing.
You are immune to petrification.
You are immune to miasma.


Message History

You block the white ugly thing's attack.
The orc hits you but does no damage.
You closely miss the white ugly thing. The white ugly thing pecks you.
The white ugly thing freezes you!!
You closely miss the white ugly thing.
You block the white ugly thing's attack.
You hit the white ugly thing but do no damage.
You block the orc's attack.
The white ugly thing pecks you but does no damage.
You hear some strange, mumbled words.
Something tries to affect you, but you resist.
You hit the white ugly thing.
The white ugly thing is lightly wounded.
You block the orc's attack.
You block the white ugly thing's attack.
Something hits you but does no damage.
You hit the white ugly thing.
The white ugly thing is lightly wounded.
The white ugly thing pecks you! The white ugly thing freezes you!!
You die...

#.......#..# .. #####+##
#.u.....#..#### #......#
#.......#....#. #......#
#.......#....#. #......#
#J......#....#. #......#
#.......#....#. #.>....#
#.......#....'.
#......#####.......#....#.
#..(.....@u........#'####.
#...(....o{...............
#....(....................
#.....(...................
#......(..................
#.........................
#........)............#...
#<....................#...
#.....................##..


You could see a white ugly thing and an orc.

Vanquished Creatures
  Erica (D:8)
  7 death yaks (D:10)
  A cyclops (D:10)
  An ugly thing (D:11)
  A troll (D:8)
  A hornet (D:10)
  3 slime creatures (D:11)
  A wyvern (D:10)
  6 yaks (D:11)
  A water moccasin (D:9)
  3 sky beasts
  8 orc warriors
  An eye of draining (D:9)
  3 ogres
  7 centaurs
  A big kobold (D:5)
  5 bullfrogs
  4 scorpions
  6 killer bees (D:9)
  10 wights
  2 howler monkeys (D:5)
  4 bullfrog zombies
  2 centaur zombies
  A quasit (D:5)
  2 human zombies (Ossuary)
  2 jellies
  A centaur skeleton (D:7)
  5 orc priests
  2 hounds
  A bullfrog skeleton (D:7)
  5 orc wizards
  2 iguanas
  Natasha (thrice) (D:2)
  10 worker ants
  A killer bee zombie (D:5)
  A big kobold zombie (Ossuary)
  2 hound skeletons
  4 mummies (Ossuary)
  A worker ant zombie (D:10)
  A howler monkey zombie (D:8)
  2 howler monkey skeletons
  28 adders
  8 gnolls
  A shadow imp (D:9)
  4 white imps
  2 ufetubi
  An ooze (D:4)
  3 adder skeletons
  5 worms
  3 dart slugs
  7 leopard geckos
  50 orcs
  A ball python (D:2)
  4 giant cockroaches
  7 goblins
  9 hobgoblins
  16 jackals
  12 quokkas
  12 bats
  4 frilled lizards
  2 gnoll zombies (Ossuary)
  A hobgoblin zombie (Ossuary)
  A jackal zombie (D:5)
  7 kobolds
  A kobold zombie (Ossuary)
  A leopard gecko zombie (D:5)
  2 quokka zombies (D:5)
  8 rats
  A rat zombie (D:5)
326 creatures vanquished.

Notes
Turn   | Place    | Note
-------+----------+-------------------------------------------
     0 | D:1      | nothank2 the Gargoyle Fighter began the quest for the Orb.
     0 | D:1      | Reached XP level 1. HP: 14/14 MP: 1/1
   321 | D:1      | Reached XP level 2. HP: 19/19 MP: 2/2
   504 | D:1      | Reached skill level 3 in Maces & Flails
  1003 | D:2      | Reached XP level 3. HP: 18/23 MP: 3/3
  1169 | D:2      | Noticed Natasha
  1182 | D:2      | Killed Natasha
  1183 | D:2      | Reached skill level 4 in Maces & Flails
  1183 | D:2      | Reached XP level 4. HP: 11/28 MP: 4/4
  1574 | D:2      | Noticed Natasha
  1582 | D:2      | Killed Natasha
  1589 | D:2      | Noticed Natasha
  1595 | D:2      | Killed Natasha
  1596 | D:2      | Reached skill level 5 in Maces & Flails
  1596 | D:2      | Reached XP level 5. HP: 21/32 MP: 5/5
  2295 | D:2      | Reached skill level 6 in Maces & Flails
  2306 | D:2      | Reached XP level 6. HP: 17/37 MP: 6/6
  2631 | D:2      | Found a broken altar of Ashenzari.
  2680 | D:2      | Found a hide-covered altar of Uskayaw.
  2681 | D:2      | Found a burning altar of Makhleb.
  2683 | D:2      | Found a glowing silver altar of Zin.
  2701 | D:2      | Became a worshipper of Makhleb the Destroyer
  3243 | D:3      | Reached * piety under Makhleb
  3298 | D:3      | Found a bloodstained altar of Trog.
  3304 | D:3      | Found a shadowy altar of Dithmenos.
  3372 | D:3      | Reached skill level 7 in Maces & Flails
  3840 | D:4      | Reached XP level 7. HP: 34/41 MP: 7/7
  4280 | D:4      | Reached skill level 8 in Maces & Flails
  4622 | D:4      | Found Miaqois's Gadget Shop.
  4903 | D:5      | Entered Level 5 of the Dungeon
  4924 | D:5      | Found a basalt altar of Yredelemnul.
  5085 | D:5      | Reached skill level 9 in Maces & Flails
  5085 | D:5      | Reached XP level 8. HP: 46/46 MP: 8/8
  5260 | D:5      | Found a sand-covered staircase.
  5299 | Ossuary  | Entered an ossuary
  5323 | Ossuary  | Reached ** piety under Makhleb
  5373 | Ossuary  | Reached skill level 10 in Maces & Flails
  5735 | D:5      | Found a white marble altar of Elyvilon.
  5849 | D:5      | Reached skill level 11 in Maces & Flails
  5896 | D:5      | Found a sacrificial altar of Ru.
  6084 | D:5      | Reached XP level 9. HP: 45/51 MP: 9/9
  6301 | D:6      | Reached *** piety under Makhleb
  6369 | D:6      | Reached skill level 12 in Maces & Flails
  6452 | D:6      | Found a staircase to the Ecumenical Temple.
  7602 | D:8      | Noticed Erica
  7634 | D:8      | Killed Erica
  7635 | D:8      | Reached skill level 13 in Maces & Flails
  7635 | D:8      | Reached XP level 10. HP: 56/56 MP: 10/10
  8344 | D:8      | Reached skill level 14 in Maces & Flails
  8352 | D:8      | Reached **** piety under Makhleb
  9540 | D:9      | Reached skill level 5 in Shields
  9688 | D:10     | Entered Level 10 of the Dungeon
  9811 | D:10     | Noticed a death yak
  9836 | D:10     | Killed a death yak
  9839 | D:10     | Found a staircase to the Lair.
  9840 | D:10     | Noticed a death yak
  9840 | D:10     | Noticed a death yak
  9840 | D:10     | Noticed a death yak
  9840 | D:10     | Noticed a death yak
  9840 | D:10     | Noticed a death yak
  9859 | D:10     | Noticed a death yak
  9876 | D:10     | Killed a death yak
  9892 | D:10     | Killed a death yak
  9893 | D:10     | Reached skill level 5 in Fighting
  9893 | D:10     | Reached skill level 5 in Armour
  9893 | D:10     | Reached XP level 11. HP: 44/64 MP: 11/11
  9904 | D:10     | Killed a death yak
  9911 | D:10     | Killed a death yak
  9924 | D:10     | Killed a death yak
  9933 | D:10     | Killed a death yak
  9934 | D:10     | Reached skill level 1 in Dodging
  9979 | D:10     | Reached ***** piety under Makhleb
 10007 | D:10     | Noticed a cyclops
 10032 | D:10     | Killed a cyclops
 10814 | D:11     | Found a broken altar of Ashenzari.
 10883 | D:11     | Reached skill level 10 in Shields
 10888 | D:11     | Reached XP level 12. HP: 68/73 MP: 12/12
 10944 | D:11     | Found a transporter.
 11038 | D:11     | Slain by a white ugly thing

Illustrated notes

Levels and vault maps discovered:
D:1:      amcnicky_arrival_underground_garden, layout_basic
D:2:      minmay_thinvault, layout_loops_ring, grunt_temple_overflow_open,
          uniq_natasha
D:3:      layout_rooms, minitemple, minmay_increasing_density
D:4:      layout_loops_corners, serial_shops, kennysheep_mini_moat
D:5:      cheibrodos_barr_body, layout_rooms, kennysheep_ying_yang, basic_altar,
          enter_ossuary_4, nzn_random_ring
D:6:      layout_rooms, minmay_temple_entry_large_hall
D:7:      layout_loops_cross
D:8:      minmay_skewed_foursquare, layout_loops_ring,
          kennysheep_opposing_triangles, uniq_erica
D:9:      layout_stronghold
D:10:     layout_roguey [special_room_orc], dpeg_lair_monsters
D:11:     gammafunk_cloud_chamber, layout_gridville, serial_shops, shop,
          minmay_tree_intersection, minivault_4, nicolae_ashenzari_panopticon

Skill      XL: |  1  2  3  4  5  6  7  8  9 10 11 |
---------------+----------------------------------+-----
Maces & Flails | 3 4 5 6 7 9 11 13 14 | 14.0
Shields        | 7 10 | 10.2
Armour         | 5 6 |  6.8
Fighting       | 5 7 |  7.9
Dodging        | 1 |  1.0

Action                   |  1- 3 |  4- 6 |  7- 9 | 10-12 || total
-------------------------+-------+-------+-------+-------++-------
Melee: Flail             |   119 |   354 |   474 |       ||   947
       Morningstar       |       |       |    72 |   693 ||   765
Throw: Dart              |       |       |       |    12 ||    12
  Use: Scroll            |       |       |    22 |       ||    22
       Potion            |       |       |       |     1 ||     1
Armor: Scale mail        |    51 |    19 |       |       ||    70
       Plate armour      |       |   342 |   255 |   276 ||   873
Dodge: Dodged            |    29 |    35 |    25 |    42 ||   131
Block: Kite shield       |    60 |     5 |       |       ||    65
       Tower shield      |       |   400 |   384 |   505 ||  1289
